Map: Tokamak LE

Players

LiSAuCE - Winner!

  • Race: Protoss Protoss
  • Spawn Location: 1:00

LigerMaNN

  • Race: Zerg Zerg
  • League: Diamond
  • Spawn Location: 7:00

VOD

Have the link to the VOD?

Description

Time

  • Played on: June 4, 2025, 12:21 a.m.
  • Length: 10:26
Show
View Real Time Build Order
Export as new Build Order

LiSAuCE Protoss - Winner!

Build Orders: 1 Gate Expand, Oracle Opening 

Get SALT Encoding   

  12  0:00  Probe  
  13  0:12  Probe  
  14  0:19  Pylon  
  14  0:24  Probe  
  15  0:36  Probe  
  15  0:38  Gateway  
  16  0:44  Probe, Assimilator  
  17  0:53  Probe  
  18  1:04  Probe  
  19  1:16  Probe  
  20  1:25  Nexus  
  20  1:35  Cybernetics Core  
  20  1:40  Probe  
  21  1:48  Pylon  
  21  1:52  Probe  
  22  1:54  Assimilator  
  22  2:01  Adept  
  22  2:04  Probe  
  23  2:12  Warp Gate  
  25  2:16  Probe  
  26  2:28  Probe  
  27  2:38  Stargate  
  27  2:40  Probe  
  27  2:42  Stalker  
  27  2:43  Probe  
  29  2:52  Probe  
  29  2:55  Probe  
  32  3:02  Shield Battery  
  32  3:05  Probe  
  33  3:07  Probe  
  33  3:11  Stalker  
  34  3:17  Probe  
  34  3:18  Oracle  
  34  3:19  Probe  
  38  3:25  Gateway  
  38  3:29  Probe  
  38  3:31  Probe  
  43  3:41  Probe  
  44  3:43  Pylon, Probe  
  44  3:45  Pylon  
  43  3:57  Probe  
  40  4:04  Oracle  
  40  4:08  Probe  
  41  4:10  Stalker  
  41  4:12  Pylon  
  41  4:16  Probe  
  47  4:23  Zealot  
  49  4:24  Pylon  
  49  4:30  Assimilator  
  49  4:33  Gateway  
  49  4:35  Oracle, Twilight Council  
  49  4:37  Forge  
  49  4:51  Gateway, Probe  
  53  4:54  Gateway  
  53  5:01  Zealot x2  
  53  5:03  Probe  
  53  5:05  Probe  
  59  5:09  Pylon, Assimilator  
  59  5:15  Charge  
  59  5:32  Probe  
  59  5:35  Protoss Ground Weapons Level 1  
  60  5:39  Probe  
  60  5:42  Robotics Facility  
  61  5:45  Sentry  
  63  5:51  Nexus  
  63  5:53  Pylon  
  64  5:57  Probe  
  64  6:00  Probe  
  65  6:10  Probe  
  66  6:13  Gateway  
  66  6:15  Zealot x4  
  74  6:19  Immortal, Probe  
  74  6:22  Probe  
  74  6:24  Shield Battery  
  74  6:25  Shield Battery  
  76  6:26  Zealot  
  76  6:27  Pylon  
  76  6:29  Gateway  
  76  6:32  Probe  
  83  6:39  Probe  
  81  6:48  Immortal  
  81  7:00  Pylon  
  85  7:03  Gateway  
  85  7:06  Zealot  
  85  7:20  Zealot x5  
  68  7:43  Stalker x3  
  70  7:44  Stalker  
  70  7:49  Protoss Ground Weapons Level 2  
  72  7:52  Probe x2  
  72  7:53  Probe  
  75  7:59  Zealot x3  
  75  8:03  Assimilator  
  75  8:04  Immortal, Probe x2  
  75  8:05  Probe  
  84  8:07  Assimilator  
  84  8:12  Templar Archives  
  84  8:14  Gateway  
  84  8:19  Shield Battery  
  88  8:20  Zealot x4  
  88  8:21  Sentry x2, Zealot  
  88  8:24  Probe  
  103  8:27  Probe  
  104  8:36  Probe  
  105  8:47  Zealot x4, Warp Prism  
  105  8:48  Zealot x4  
  121  8:50  Probe  
  124  9:02  Pylon  
  124  9:32  High Templar x4  
  124  9:38  Pylon  
  132  9:43  Pylon  
  132  9:47  Gateway  
  132  9:49  Archon x2  
  132  9:51  Pylon  
  132  9:53  Pylon  
  132  9:59  High Templar  
  134  10:00  Pylon, High Templar x2  
  134  10:01  Zealot x2  
  134  10:03  Gateway  
  142  10:11  Probe  
  144  10:24  Stalker x3  
Show
View Real Time Build Order
Export as new Build Order

LigerMaNN Zerg 

Build Orders: Hatch First 

Get SALT Encoding   

  12  0:01  Drone  
  13  0:12  Overlord  
  13  0:16  Drone  
  14  0:32  Drone x2  
  16  0:48  Hatchery  
  15  0:58  Drone  
  15  1:00  Drone x2  
  18  1:14  Extractor  
  18  1:17  Spawning Pool  
  16  1:20  Drone  
  16  1:21  Drone  
  18  1:30  Drone  
  19  1:43  Overlord  
  19  2:04  Zergling x6, Queen  
  19  2:06  Queen  
  26  2:18  Metabolic Boost  
  26  2:21  Drone x2  
  28  2:23  Drone  
  28  2:26  Drone  
  30  2:46  Hatchery  
  30  2:49  Drone  
  30  2:57  Zergling x4  
  30  2:58  Zergling x4  
  34  2:59  Zergling x2  
  35  3:17  Extractor, Queen  
  37  3:37  Overlord x4  
  32  4:03  Spore Crawler  
  32  4:04  Spore Crawler  
  32  4:05  Drone x3  
  32  4:06  Drone x7  
  37  4:12  Lair  
  37  4:15  Drone x2  
  39  4:17  Queen  
  41  4:33  Drone x3, Extractor  
  41  4:34  Extractor  
  41  4:35  Drone x3  
  41  4:37  Drone x2  
  47  4:39  Drone  
  47  4:44  Evolution Chamber  
  47  4:48  Roach Warren  
  46  5:08  Drone x3  
  46  5:10  Zergling x16  
  46  5:13  Zerg Missile Weapons Level 1  
  57  5:23  Queen  
  57  5:30  Glial Reconstitution  
  57  5:32  Roach x3  
  57  5:33  Roach  
  57  5:34  Spore Crawler  
  66  5:35  Roach  
  66  5:38  Roach  
  66  6:00  Queen  
  66  6:02  Queen  
  70  6:05  Roach x2  
  70  6:07  Overlord x4  
  74  6:27  Roach x3  
  74  6:28  Roach x5  
  74  6:30  Overlord  
  90  6:33  Ravager x2  
  90  6:34  Ravager  
  88  6:52  Roach x3  
  88  6:53  Roach  
  96  6:54  Zergling x12  
  96  6:59  Drone x3  
  96  7:00  Drone  
  106  7:02  Drone  
  82  7:30  Roach x7  
  82  7:31  Zergling x4  
  82  7:32  Zergling x8  
  81  7:46  Drone  
  81  7:47  Drone x3  
  77  7:52  Drone x2  
  76  8:13  Drone x3  
  76  8:14  Extractor  
  76  8:15  Drone x2  
  76  8:16  Drone  
  81  8:30  Spire  
  81  8:31  Drone x9  
  89  8:57  Hatchery  
  85  9:12  Drone x2  
  85  9:13  Drone  
  88  9:27  Drone  
  88  9:28  Drone x2  
  88  9:29  Drone x3, Extractor x2  
  92  9:35  Drone  
  92  9:36  Drone x11  
  104  9:45  Hatchery  
  103  9:47  Mutalisk  
  103  9:50  Overlord x6  
Tags
 
Add a new tag
Caveats
  • Supply blocks, unpowered buildings, or Contaminate may cause inaccurate times.
  • Supply counts are checked every 10 seconds.